 Dungeon Crawl Stone Soup version 0.30-a0-4-ga7cffc901d (webtiles) character file.

Game seed: 7395868213401399730

32 xian the Firebug (level 3, -2/21 HPs)
             Began as an Octopode Fire Elementalist on Aug 21, 2022.
             Slain by a gnoll
             ... wielding a +0 spear
              (7 damage)
             ... on level 2 of the Dungeon.
             The game lasted 00:02:33 (1208 turns).

xian the Firebug (Octopode Fire Elementalist)       Turns: 1208, Time: 00:02:35

Health: -2/21      AC:  1    Str:  7    XL:     3   Next: 25%
Magic:  1/6        EV: 13    Int: 19    God:
Gold:   65         SH:  0    Dex: 12    Spells: 5/6 levels left

rFire   . . .      SeeInvis .    e - +0 whip
rCold   . . .      Faith    .    (no shield)
rNeg    . . .      Spirit   .    (helmet restricted)
rPois   .          Reflect  .    d - amulet of regeneration
rElec   .          Harm     .    (no ring)
rCorr   .          Rampage  .    (no ring)
Will    .....                    (no ring)
Stlth   +++.......               (no ring)
HPRegen 0.87/turn                (no ring)
MPRegen 0.10/turn                (no ring)
                                 (no ring)
                                 (no ring)

@: no status effects
A: almost no armour, amphibious, 8 rings, camouflage 1, gelatinous body 1,
(nimble swimmer 1), tentacles
a: no special abilities


You were on level 2 of the Dungeon.
You visited 1 branch of the dungeon, and saw 2 of its levels.

You collected 65 gold pieces.

Inventory:

Hand Weapons
 e - a +0 whip (weapon)
Jewellery
 d - an amulet of regeneration (around mantle)
Scrolls
 b - a scroll of identify {unknown}
 g - a scroll of magic mapping {unknown}
 j - a scroll of fog {unknown}
Potions
 a - a potion of magic
 c - 2 potions of curing {unknown}
 f - 3 potions of lignification {unknown}
 h - a potion of flight {unknown}
 i - a potion of resistance {unknown}


   Skills:
 + Level 2.1 Dodging
 + Level 3.4 Stealth
 + Level 2.4 Spellcasting
 + Level 1.2 Conjurations
 + Level 3.4 Fire Magic


You had 5 spell levels left.
You knew the following spells:

 Your Spells              Type           Power      Damage    Failure   Level
a - Foxfire               Conj/Fire      44%        2x1d6     6%          1

Your spell library contained the following spells:

 Spells                   Type           Power      Damage    Failure   Level
 Scorch                   Fire           30%        2d6       6%          2
 Conjure Flame            Conj/Fire      11%        6-21      19%         3
 Inner Flame              Hex/Fire       8%         N/A       24%         3
 Flame Wave               Conj/Fire      11%        2d6       52%         4
 Freezing Cloud           Conj/Ice/Air   1%         6-21      98%         5
 Simulacrum               Ice/Necr       1%         N/A       100%        6
 Polar Vortex             Ice            1%         N/A       100%        9


Dungeon Overview and Level Annotations

Branches:
Dungeon (2/15)

Altars:


Innate Abilities, Weirdness & Mutations

You cannot wear most types of armour.
You are amphibious.
You can wear up to eight rings at the same time.
Your skin changes colour to match your surroundings (Stealth+).
Your rubbery body absorbs attacks. (AC +1, EV +1)
((You are camouflaged when in or above water. (Stealth+)))
You have tentacles for arms and can constrict up to eight enemies at once.


Message History

The hobgoblin is almost dead.
The foxfire hits the hobgoblin.
You kill the hobgoblin!
The gnoll misses you.
Unknown command.
You conjure some foxfire!
The gnoll misses you.
The gnoll hits you from afar with a +0 spear.
The foxfire hits the gnoll.
The gnoll is moderately wounded.
The foxfire hits the gnoll.
The gnoll is heavily wounded.
Unknown command.
A bat comes into view.
Found a war axe.
An adder comes into view.
Found 5 stones.
You miscast Foxfire.
You are very lightly contaminated with residual magic.
Nothing appears to happen.
The gnoll hits you from afar with a +0 spear.
The adder hisses angrily.
The helpless bat fails to defend itself.
You hit the bat.
You kill the bat!
Your magical contamination has completely faded away.
You see here a bat corpse.
You barely miss the adder. Your grab misses the adder.
The adder closely misses you. The adder barely misses you.
You barely miss the adder. Your grab misses the adder.
You squeeze the adder, but do no damage.
The gnoll hits you from afar with a +0 halberd.
The adder closely misses you.
You hit the adder. You grab the adder.
The adder is moderately wounded.
You constrict the adder. The gnoll completely misses you.
The adder closely misses you. The adder bites you.
The gnoll hits you from afar with a +0 halberd!
* * * LOW HITPOINT WARNING * * *
The gnoll hits you with a +0 spear!
You die...

#............
##...........
..........#. #...#
#......... #.#.#
#........ #.#.#
#....... ##.#.##
#....g.# ....> #.#@#
#.#.# #.#S#
####.#.#######.#g###
...........g....g(.#
.....(.......g.....#
#..................#
#...............)..#
#..................#
#..................#


You could see 3 gnolls and an adder.

Vanquished Creatures
  2 dart slugs (D:1)
  A ball python (D:1)
  3 bats
  3 endoplasms
  3 hobgoblins
  2 kobolds (D:1)
  2 quokkas (D:1)
  6 goblins
  2 rats (D:1)
24 creatures vanquished.

Vanquished Creatures (others)
  56 foxfires
56 creatures vanquished.

Grand Total: 80 creatures vanquished

Notes
Turn   | Place    | Note
-------+----------+-------------------------------------------
     0 | D:1      | xian the Octopode Fire Elementalist began the quest for the
                  | Orb.
     0 | D:1      | Reached XP level 1. HP: 11/11 MP: 3/3
   153 | D:1      | Found a faded altar of an unknown god.
   257 | D:1      | Reached XP level 2. HP: 15/17 MP: 0/5
  1160 | D:2      | Reached XP level 3. HP: 21/21 MP: 3/6
  1208 | D:2      | Slain by a gnoll

Illustrated notes

Levels and vault maps discovered:
D:1:      dpeg_arrival_rooms_a, layout_basic,
          hellmonk_ecumenical_altar_arch_garden
D:2:      layout_loops_ring, uniq_natasha, uniq_crazy_yiuf_cottage, uniq_sigmund

Skill      XL: |  1  2 |
---------------+-------+-----
Stealth        | 3 |  3.4
Dodging        | |  2.1
Spellcasting   | |  2.4
Conjurations   | |  1.2
Fire Magic     | |  3.4

Action                   || total
-------------------------++-------
Melee: Whip              ||    17
       Constrict         ||     4
       Tentacles         ||     3
 Cast: Foxfire           ||    33
 Stab: Sleeping          ||     3
Armor: Skin              ||     2
Dodge: Dodged            ||    22

Table legend: (Time is in decaauts)
 A = Elapsed time spent in this place.
 B = Non-inter-level travel time spent in this place.
 C = Inter-level travel time spent in this place.
 D = Time resting spent in this place.
 E = Time spent auto-exploring this place.
 F = Levels seen in this place.
 G = Mean time per level.
                   A        B        C        D        E       F      G
               +--------+--------+--------+--------+--------+-----+--------+
         Total |   1208 |   1190 |     18 |      0 |    992 |   2 |  604.0 |
       Dungeon |   1208 |   1190 |     18 |      0 |    992 |   2 |  604.0 |
               +--------+--------+--------+--------+--------+-----+--------+

Top non-repeatable levels by time:
     D:1: 1146 daAuts
     D:2: 62 daAuts
